 Dungeon Crawl Stone Soup version 0.28-a0-239-g68911e0c57 (webtiles) character file.

Game seed: 13768786999670505274

3500 theanonym the Basher (level 9, -2/75 HPs)
             Began as a Mummy Enchanter on Aug 23, 2021.
             Was a Priest of Trog.
             Slain by an unseen horror (7 damage)
             ... on level 7 of the Dungeon.
             The game lasted 00:15:27 (11471 turns).

theanonym the Basher (Mummy Enchanter)             Turns: 11471, Time: 00:15:27

Health: -2/75      AC:  9    Str: 15    XL:     9   Next: 80%
Magic:  13/13      EV:  9    Int: 14    God:    Trog [***...]
Gold:   331        SH:  0    Dex: 12    Spells: 13/13 levels left

rFire   x . .      SeeInvis .   a - +1 morningstar
rCold   + + .      Faith    .   (no shield)
rNeg    + + +      Spirit   .   h - +0 scale mail
rPois   ∞          Reflect  .   c - +1 helmet
rElec   .          Harm     .   (no cloak)
rCorr   .          Rampage  .   k - +0 pair of gloves
Will    +....                   (no boots)
Stlth   +.........              (no amulet)
HPRegen 0.22/turn               g - ring of protection from cold
MPRegen 0.13/turn               (no ring)

@: about to teleport
A: cold resistance 1, negative energy resistance 3, torment resistance 2, heat
vulnerability 1, no potions
a: Renounce Religion, Trog's Hand


Innate Abilities, Weirdness & Mutations

You are immune to poison.
Your flesh is cold resistant. (rC+)
You are immune to negative energy. (rN+++)
You are immune to unholy pain and torment.
You are vulnerable to heat. (rF-)
You do not drink.


   Skills:
 + Level 8.5 Fighting
 - Level 0.7 Short Blades
 * Level 9.3 Maces & Flails
 - Level 1.5 Dodging
 - Level 2.4 Stealth
 - Level 2.6 Spellcasting
 - Level 2.6 Hexes


You had 13 spell levels left.
You didn't know any spells.
Your spell library contained the following spells:

 Spells                   Type           Power      Damage    Failure   Level
 Ensorcelled Hibernation  Hex/Ice        10%        N/A       63%         2
 Confusing Touch          Hex            9%         N/A       67%         3
 Tukima's Dance           Hex            9%         N/A       67%         3
 Dazzling Flash           Conj/Hex       10%        N/A       85%         3

Skill      XL: |  1  2  3  4  5  6  7  8  9 |
---------------+----------------------------+-----
Fighting       | 1 2 3 4 5 7 8 |  8.5
Maces & Flails | 1 2 3 4 5 7 9 |  9.3
Short Blades   | |  0.7
Dodging        | |  1.5
Stealth        | |  2.4
Spellcasting   | |  2.6
Hexes          | |  2.6

Action                   |  1- 3 |  4- 6 |  7- 9 || total
-------------------------+-------+-------+-------++-------
Melee: Dagger            |   178 |    99 |    24 ||   301
       Mace              |       |    41 |    35 ||    76
       Morningstar       |       |       |   265 ||   265
Throw: Dart              |       |     7 |    36 ||    43
       Throwing net      |       |       |     3 ||     3
Evoke: Wand              |       |       |     3 ||     3
  Use: Scroll            |       |     5 |     5 ||    10
 Stab: Sleeping          |     8 |     4 |     1 ||    13
       Held in net/web   |       |       |     1 ||     1
Armor: Robe              |    30 |       |       ||    30
       Leather armour    |     5 |     7 |       ||    12
       Ring mail         |       |    50 |   215 ||   265
       Scale mail        |       |       |    18 ||    18
Dodge: Dodged            |   119 |    76 |   267 ||   462

Inventory:

Hand Weapons
 a - a +1 morningstar (weapon)
Missiles
 d - 5 throwing nets
 o - 20 poisoned darts (quivered)
Armour
 c - a +1 helmet (worn)
 e - a +3 ring mail of cold resistance
 h - a +0 scale mail (worn)
 k - a +0 pair of gloves (worn)
Jewellery
 g - a ring of protection from cold (left hand)
Wands
 b - a wand of charming (4)
 m - a wand of iceblast (5)
Scrolls
 f - a scroll of fog
 r - 2 scrolls of identify
 y - 2 scrolls of magic mapping


You were on level 7 of the Dungeon.
You worshipped Trog.
Trog was most pleased with you.
You visited 1 branch of the dungeon, and saw 8 of its levels.

You collected 331 gold pieces.

Dungeon Overview and Level Annotations

Branches:
Dungeon (8/15)             Temple (0/1) D:5
   Lair: D:8-11

Altars:
Cheibriados
Okawaru
Ru
Sif Muna
Trog

Shops:
D:2 =   D:7 (

Annotations:
D:3 exclusion: ice beast

..##...#......'.....#...........#
####...#......#####+#...........#
.......#........................#
.......#........................#
.......#........................#
.....[.#........................#
.......#......##'####......###'##
.......#......#.....#......#.....
.......#......#.@...#......#.....
.......#......#.....#......#+####
.......#......##'####...........#
).##...#......#.....#...........#
..##...#..(...#.....'...........'
..'....#.>....###...#...>.......#
..#....################'###......
..#.......................#......
..#.......................+......


There were no monsters in sight!

Notes
Turn   | Place    | Note
-------+----------+-------------------------------------------
     0 | D:1      | theanonym the Mummy Enchanter began the quest for the Orb.
     0 | D:1      | Reached XP level 1. HP: 13/13 MP: 4/4
    41 | D:1      | HP: 7/14 [dart slug (1)]
    45 | D:1      | Reached skill level 1 in Fighting
   307 | D:1      | Reached XP level 2. HP: 18/22 MP: 5/5
   419 | D:1      | Found a faded altar of an unknown god.
   430 | D:1      | Became a worshipper of Trog the Wrathful
   430 | D:1      | Reached * piety under Trog
   491 | D:1      | Reached skill level 2 in Fighting
   628 | D:1      | HP: 10/22 [quokka (2)]
  1019 | D:1      | Reached XP level 3. HP: 21/28 MP: 7/7
  1254 | D:1      | Reached skill level 3 in Fighting
  1719 | D:2      | Found Xeasm's Jewellery Boutique.
  1811 | D:2      | Reached ** piety under Trog
  1989 | D:2      | Reached skill level 1 in Maces & Flails
  2224 | D:2      | Reached XP level 4. HP: 30/35 MP: 8/8
  2645 | D:3      | Reached skill level 2 in Maces & Flails
  2692 | D:3      | Reached XP level 5. HP: 41/41 MP: 9/9
  2928 | D:3      | Noticed an ice beast
  2929 | D:3      | Found a shimmering blue altar of Sif Muna.
  3104 | D:3      | HP: 12/42 [orc priest/divine providence (11)]
  3327 | D:3      | Reached skill level 4 in Fighting
  3527 | D:4      | Reached skill level 3 in Maces & Flails
  3577 | D:4      | Noticed an ogre
  3607 | D:4      | HP: 21/42 [ogre (12)]
  3614 | D:4      | Killed an ogre
  3615 | D:4      | Reached XP level 6. HP: 26/49 MP: 10/10
  3812 | D:4      | Found an iron altar of Okawaru.
  4147 | D:4      | Reached skill level 4 in Maces & Flails
  4359 | D:4      | Reached XP level 7. HP: 50/55 MP: 11/11
  4615 | D:5      | Entered Level 5 of the Dungeon
  4619 | D:4      | HP: 22/55 [ogre (13)]
  4658 | D:4      | Reached *** piety under Trog
  4659 | D:4      | Reached skill level 5 in Fighting
  5024 | D:5      | Reached skill level 5 in Maces & Flails
  5511 | D:4      | HP: 27/56 [orc (17)]
  5534 | D:4      | HP: 26/56 [orc (6)]
  5806 | D:5      | Found a staircase to the Ecumenical Temple.
  6317 | D:5      | Reached XP level 8. HP: 64/64 MP: 12/12
  6336 | D:5      | Noticed Eustachio
  6406 | D:4      | HP: 31/64 [quasit[Eustachio] (2)]
  6413 | D:4      | HP: 16/64 [ufetubus[Eustachio] (4)]
  6418 | D:4      | Killed Eustachio
  6419 | D:4      | Reached skill level 6 in Fighting
  6419 | D:4      | Reached skill level 6 in Maces & Flails
  7135 | D:6      | Noticed Blork the orc
  7796 | D:6      | Reached skill level 7 in Maces & Flails
  7856 | D:6      | Killed Blork the orc
  8161 | D:6      | Found a sacrificial altar of Ru.
  8252 | D:6      | Reached skill level 7 in Fighting
  8651 | D:6      | Found a snail-covered altar of Cheibriados.
  9067 | D:7      | Noticed Menkaure
  9076 | D:7      | Killed Menkaure
  9077 | D:7      | Reached XP level 9. HP: 39/72 MP: 13/13
  9275 | D:7      | HP: 30/72 [wight (9)]
  9280 | D:7      | HP: 16/72 [wight (7)]
  9565 | D:6      | HP: 32/72 [wight (11)]
  9753 | D:7      | HP: 35/72 [wight (8)]
  9760 | D:7      | Reached skill level 8 in Maces & Flails
 10188 | D:7      | Noticed Maggie
 10214 | D:7      | HP: 35/72 [Maggie (9)]
 10219 | D:7      | HP: 14/72 [Maggie (13)]
 10221 | D:7      | Killed Maggie
 10553 | D:7      | You fall into a shaft and drop 1 floor!
 10700 | D:7      | Found Xunwon's Weapon Shop.
 11066 | D:7      | Noticed Harold
 11072 | D:7      | HP: 30/74 [Harold (23)]
 11081 | D:7      | HP: 23/74 [Harold (9)]
 11082 | D:7      | Killed Harold
 11083 | D:7      | Reached skill level 8 in Fighting
 11083 | D:7      | Reached skill level 9 in Maces & Flails
 11462 | D:7      | HP: 33/75 [something (6)]
 11467 | D:7      | HP: 28/75 [something (4)]
 11468 | D:7      | HP: 12/75 [something (9)]
 11469 | D:7      | HP: 5/75 [something (8)]
 11471 | D:7      | Slain by an unseen horror

Vanquished Creatures
  Harold (D:7)
  Maggie (D:7)
  Eustachio (D:4)
  A steam dragon (D:6)
  Menkaure (D:7)
  2 water moccasins
  A black bear (D:4)
  A sky beast (D:7)
  2 ice beasts
  3 ogres
  A centaur (D:7)
  Blork the orc (D:6)
  2 scorpions (D:6)
  2 water moccasin skeletons
  5 wights
  A howler monkey (D:4)
  A bullfrog zombie (D:6)
  5 hounds
  3 jellies
  3 orc priests
  A bullfrog skeleton (D:6)
  A centaur skeleton (D:6)
  3 iguanas
  2 orc wizards
  A hound skeleton (D:4)
  6 adders
  A shadow imp (D:5)
  2 white imps
  An ufetubus (D:6)
  An adder skeleton (D:4)
  4 worms
  A dart slug (D:1)
  12 orcs
  8 ball pythons
  10 endoplasms
  4 giant cockroaches
  8 goblins
  9 hobgoblins
  4 jackals (D:1)
  4 kobolds
  3 quokkas
  3 bats
  3 frilled lizards
  7 rats
137 creatures vanquished.

Vanquished Creatures (others)
  20 fungi (D:6)
  A plant (D:3)
21 creatures vanquished.

Grand Total: 158 creatures vanquished

Table legend: (Time is in decaauts)
 A = Elapsed time spent in this place.
 B = Non-inter-level travel time spent in this place.
 C = Inter-level travel time spent in this place.
 D = Time resting spent in this place.
 E = Time spent auto-exploring this place.
 F = Levels seen in this place.
 G = Mean time per level.
                   A        B        C        D        E       F      G
               +--------+--------+--------+--------+--------+-----+--------+
         Total |  11533 |  10911 |    622 |   4248 |   4921 |   8 | 1441.6 |
       Dungeon |  11533 |  10911 |    622 |   4248 |   4921 |   8 | 1441.6 |
               +--------+--------+--------+--------+--------+-----+--------+

Top non-repeatable levels by time:
     D:4: 2169 daAuts
     D:6: 2110 daAuts
     D:7: 2055 daAuts
     D:5: 1890 daAuts
     D:1: 1643 daAuts
     D:2: 990 daAuts
     D:3: 657 daAuts
     D:8: 17 daAuts
